 Dungeon Crawl Stone Soup version 0.31-a0-569-g7ea453304b (webtiles) character file.

Game seed: 15140978690889324869

184 Ethylacetat the Ducker (level 5, -4/36 HPs)
             Began as an Octopode Gladiator on Aug 18, 2023.
             Slain by a phantom (5 damage)
             ... on level 4 of the Dungeon.
             The game lasted 00:03:23 (2812 turns).

Ethylacetat the Ducker (Octopode Gladiator)         Turns: 2812, Time: 00:03:25

Health: -4/36      AC:  1    Str: 14    XL:     5   Next: 63%
Magic:  5/5        EV: 14    Int: 10    God:
Gold:   139        SH:  0    Dex: 15    Spells: 4/4 levels left

rFire   . . .        l - +1 dagger (drain)
rCold   + . .        (no shield)
rNeg    . . .        a - +0 hat
rPois   .            (no amulet)
rElec   .            o - ring of protection from cold
rCorr   .            (no ring)
SInv    .            (no ring)
Will    .....        (no ring)
Stlth   ++           (no ring)
HPRegen 0.26/turn    (no ring)
MPRegen 0.09/turn    (no ring)
                     (no ring)

%: no passive effects
@: no status effects
A: almost no armour, amphibious, 8 rings, camouflage 1, gelatinous body 1,
(nimble swimmer 1), tentacles
a: no special abilities


You were on level 4 of the Dungeon.
You visited 1 branch of the dungeon, and saw 4 of its levels.

You collected 139 gold pieces.

Inventory:

Hand Weapons
 l - a +1 dagger of draining (weapon)
Missiles
 b - 3 throwing nets (quivered)
 c - a javelin
Armour
 a - a +0 hat (worn)
Jewellery
 o - a ring of protection from cold (left tentacle)
 q - a +6 ring of intelligence
Wands
 m - a wand of flame (6)
Scrolls
 d - 7 scrolls of identify {unknown}
 e - a scroll of fog {unknown}
 g - a scroll of acquirement {unknown}
 h - a scroll of amnesia {unknown}
 j - a scroll of teleportation {unknown}
 n - a scroll of silence {unknown}
 r - a scroll of blinking {unknown}
Potions
 f - a potion of invisibility {unknown}
 i - a potion of brilliance {unknown}
 k - a potion of ambrosia {unknown}
 p - a potion of degeneration {unknown}


   Skills:
 + Level 3.6 Fighting
 - Level 2.0 Throwing
 + Level 4.2 Dodging
 + Level 4.2 Unarmed Combat


You had 4 spell levels left.
You didn't know any spells.
Your spell library contained the following spells:

 Spells                   Type           Power      Damage    Failure   Level
 Scorch                   Fire           0%         2d5       50%         2
 Flame Wave               Conj/Fire      0%         2d4       98%         4
 Summon Cactus Giant      Summ           0%         N/A       100%        6


Dungeon Overview and Level Annotations

Branches:
Dungeon (4/15)
 Temple: D:4-7

Altars:

Shops:
D:1 =


Innate Abilities, Weirdness & Mutations

You cannot wear most types of armour.
You are amphibious.
You can wear up to eight rings at the same time.
Your skin changes colour to match your surroundings (Stealth+).
Your rubbery body absorbs attacks. (AC +1, EV +1)
((You are camouflaged when in or above water. (Stealth+)))
You have tentacles for arms and can constrict up to eight enemies at once.


Message History

The phantom barely misses you.
Aiming: Throw Flame
Press: ? - help, Shift-Dir - straight line, f/p - phantom
Aim: a phantom (severely damaged, 56% to hit)
The puff of flame misses the phantom.
The phantom hits you.
* * * LOW HITPOINT WARNING * * *
The phantom blinks!
You blink.
An endoplasm and a goblin come into view.
Aiming: Throw Flame
Press: ? - help, Shift-Dir - straight line, f/p - phantom
Aim: a phantom (severely damaged, 56% to hit)
The puff of flame hits the phantom.
The phantom is almost destroyed.
The phantom barely misses you.
Aiming: Throw Flame
Press: ? - help, Shift-Dir - straight line, f/p - phantom
Aim: a phantom (almost destroyed, 56% to hit)
The puff of flame misses the phantom.
The goblin shouts!
The phantom barely misses you.
Aiming: Throw Flame
Press: ? - help, Shift-Dir - straight line, f/p - phantom
Aim: a phantom (almost destroyed, 56% to hit)
The puff of flame misses the phantom.
The phantom hits you!
* * * LOW HITPOINT WARNING * * *
The phantom blinks!
You blink.
Unknown command.
Aiming: Throw Flame
Press: ? - help, Shift-Dir - straight line, f/p - phantom
Aim: a phantom (almost destroyed, 56% to hit)
The puff of flame hits the phantom but does no damage.
The phantom is almost destroyed.
The phantom barely misses you.
Aiming: Throw Flame
Press: ? - help, Shift-Dir - straight line, f/p - phantom
Aim: a phantom (almost destroyed, 56% to hit)
The puff of flame hits the phantom but does no damage.
The phantom is almost destroyed.
The phantom hits you.
You die...

...##...<.......... ....
................?.##....
.....#........##..[....#
.... #........###.......
... ..........#........
. ###........#..g.....
.....##...........
..................
.....##.@W......#.
...............#
....#....#.#.#.#
.......###.#.# .# .
..... .. . . ..J.... ..
. ....... ..# .. .......


You could see a phantom, an endoplasm (asleep) and a goblin.

Vanquished Creatures
  An orc priest (D:3)
  Natasha (thrice) (D:3)
  Robin (D:3)
  An adder (D:3)
  A worm (D:2)
  A dart slug (D:2)
  3 orcs (D:3)
  2 endoplasms (D:3)
  4 giant cockroaches
  11 goblins
  7 hobgoblins
  A quokka (D:3)
  2 ball pythons (D:1)
  3 bats
  2 frilled lizards (D:1)
  4 kobolds
  5 rats
52 creatures vanquished.

Notes
Turn   | Place    | Note
-------+----------+-------------------------------------------
     0 | D:1      | Ethylacetat the Octopode Gladiator began the quest for the
                  | Orb.
     0 | D:1      | Reached XP level 1. HP: 14/14 MP: 1/1
    80 | D:1      | Found a faded altar of an unknown god.
   106 | D:1      | Found Seosey's Jewellery Emporium.
   227 | D:1      | Reached XP level 2. HP: 19/19 MP: 2/2
  1097 | D:2      | Reached XP level 3. HP: 15/25 MP: 3/3
  1542 | D:3      | Identified the staff "Heci" {rElec rF- rC+ rCorr Dex+4 Ice}
  1607 | D:3      | Noticed Natasha
  1608 | D:3      | Noticed Robin
  1614 | D:3      | Killed Natasha
  1615 | D:3      | Reached XP level 4. HP: 16/30 MP: 4/4
  1715 | D:3      | Killed Robin
  2161 | D:3      | Noticed Natasha
  2205 | D:3      | Killed Natasha
  2206 | D:3      | Reached XP level 5. HP: 15/36 MP: 5/5
  2624 | D:3      | Noticed Natasha
  2632 | D:3      | Killed Natasha
  2786 | D:4      | Noticed a phantom
  2810 | D:4      | HP: 1/36 [phantom (7)]
  2812 | D:4      | Slain by a phantom

Illustrated notes

Levels and vault maps discovered:
D:1:      sevenhm_arrival_forest_fort_large_4, layout_loops_ring, serial_shops,
          nicolae_shop_gibbet_a_chance, ebering_ecumenical_altar_webs
D:2:      layout_basic
D:3:      layout_rooms, serial_co_window_serial, co_window_corner_a,
          co_window_paths_a, co_window_corner_a, co_window_paths_a,
          co_window_paths_a, co_window_broadway_b, co_window_unsneaky_path_d,
          co_window_corner_b, co_window_broadway_a, co_window_broadway_b,
          co_window_corner_b, co_window_of_opportunity_b, co_window_paths_d,
          glass_columns_a, glass_columns_a, glass_columns_b, glass_columns_a,
          uniq_robin, uniq_natasha
D:4:      layout_cave_pools

Skill      XL: |  1  2  3  4 |
---------------+-------------+-----
Fighting       | 3 |  3.6
Dodging        | 4 |  4.2
Unarmed Combat | 4 |  4.2
Throwing       | |  2.0

Action                     |  1- 3 |  4- 6 || total
---------------------------+-------+-------++-------
  Melee: Unarmed           |    58 |     1 ||    59
         Constrict         |    16 |    12 ||    28
         Tentacles         |    10 |    12 ||    22
         Punch             |     2 |       ||     2
         Dagger            |       |    59 ||    59
  Evoke: Wand              |       |     7 ||     7
   Stab: Sleeping          |     9 |     1 ||    10
 Armour: Skin              |     1 |     1 ||     2
  Dodge: Dodged            |    28 |    30 ||    58

Table legend: (Time is in decaauts)
 A = Elapsed time spent in this place.
 B = Non-inter-level travel time spent in this place.
 C = Inter-level travel time spent in this place.
 D = Time resting spent in this place.
 E = Time spent auto-exploring this place.
 F = Levels seen in this place.
 G = Mean time per level.
                   A        B        C        D        E       F      G
               +--------+--------+--------+--------+--------+-----+--------+
         Total |   2807 |   2696 |    111 |     46 |   2278 |   4 |  701.8 |
       Dungeon |   2807 |   2696 |    111 |     46 |   2278 |   4 |  701.8 |
               +--------+--------+--------+--------+--------+-----+--------+

Top non-repeatable levels by time:
     D:3: 1205 daAuts
     D:2: 803 daAuts
     D:1: 731 daAuts
     D:4: 67 daAuts
